 Dungeon Crawl Stone Soup version 0.31-a0-702-gf82c85558f (webtiles) character file.

Game seed: 4392523695793727908

13776 qw the Skirmisher (level 12, -5/77 HPs)
             Began as a Gargoyle Hunter on Sept 8, 2023.
             Was a High Priest of Okawaru.
             Slain by a seven-headed hydra (11 damage)
             ... on level 2 of the Lair of Beasts.
             The game lasted 00:03:50 (7650 turns).

qw the Skirmisher (Gargoyle Hunter)                 Turns: 7650, Time: 00:03:51

Health: -5/77      AC: 19    Str: 17    XL:     12   Next: 9%
Magic:  15/19      EV: 17    Int:  9    God:    Okawaru [*****.]
Gold:   335        SH:  0    Dex: 17    Spells: 11/11 levels left

rFire   . . .        Y - +2 longbow (elec)
rCold   + . .        (shield currently unavailable)
rNeg    + + .        f - +3 leather armour {rN+}
rPois   inf          (no helmet)
rElec   +            (no cloak)
rCorr   .            (no gloves)
SInv    .            (no boots)
Will    .....        (no amulet)
Stlth   +++          k - +4 ring of protection
HPRegen 0.32/turn    j - ring of protection from cold
MPRegen 0.16/turn

%: no passive effects
@: about to teleport, heroic, finesse-ful
A: sickness immunity, AC +8, negative energy resistance 1, electricity
resistance, torment resistance 1, petrification resistance
a: Renounce Religion, Heroism, Finesse, Duel


You were on level 2 of the Lair of Beasts.
You worshipped Okawaru.
Okawaru was extremely pleased with you.
You visited 3 branches of the dungeon, and saw 11 of its levels.

You collected 755 gold pieces.
You spent 420 gold pieces at shops.


Innate Abilities, Weirdness & Mutations

You are immune to sickness and miasma.
Your stone body is resilient. (AC +8)
You are immune to poison.
You resist negative energy. (rN+)
You are resistant to electric shocks. (rElec)
You are resistant to unholy torment.
You are immune to petrification.


   Skills:
 - Level 10.1(15.1) Fighting
 - Level 14.1(19.1) Ranged Weapons
 + Level 1.0(6.0) Armour
 - Level 4.0(9.0) Dodging
 - Level 1.1(6.1) Stealth
 - Level 10.1 Invocations


You had 11 spell levels left.
You didn't know any spells.
Your spell library was empty.

Inventory:

Hand Weapons
 Y - a +2 longbow of electrocution (weapon)
Armour
 f - a +3 leather armour of positive energy (worn)
Jewellery
 b - a ring of fire
 h - a ring of willpower
 j - a ring of protection from cold (right hand)
 k - a +4 ring of protection (left hand)
 n - a ring of protection from fire
Scrolls
 g - 6 scrolls of identify
Potions
 a - a potion of mutation
 c - 2 potions of enlightenment
 e - 3 potions of curing
 l - 2 potions of cancellation
 m - 2 potions of heal wounds

Dungeon Overview and Level Annotations

Branches:
Dungeon (8/15)             Temple (1/1) D:4            Lair (2/5) D:8
  Swamp: Lair:2-3    Shoals: Lair:2-3     Snake: Lair:2-3    Spider: Lair:2-3

Altars:
Ashenzari
Cheibriados
Dithmenos
Elyvilon
Fedhas
Gozag
Hepliaklqana
Kikubaaqudgha
Makhleb
Nemelex Xobeh
Okawaru
Qazlal
Ru
Sif Muna
Trog
Uskayaw
Vehumet
Wu Jian
Zin
The Shining One

Shops:
D:6 !


Message History

The arrow completely misses the boulder beetle.
The blink frog blinks!
The basilisk gazes at you. You resist with some effort.
You shoot an arrow. The arrow hits the boulder beetle.
The boulder beetle is heavily wounded.
The blink frog blinks!
The boulder beetle bites you!
You shoot an arrow. The arrow hits the blink frog!
You kill the blink frog!
Okawaru accepts your kill.
Your surroundings suddenly seem different.
A seven-headed hydra and 2 blink frogs come into view.
Your base Fighting skill increases to level 10!
You shoot an arrow. The blink frog croaks.
The arrow hits the seven-headed hydra.
The seven-headed hydra roars!
The seven-headed hydra is lightly wounded.
You hear a bleat! x3
A dream sheep comes into view.
You shoot an arrow. The arrow hits the seven-headed hydra!
The seven-headed hydra is lightly wounded.
You shoot an arrow. The arrow hits the seven-headed hydra!!
The seven-headed hydra is moderately wounded.
You shoot an arrow. The arrow hits the seven-headed hydra!!
Lightning courses through the seven-headed hydra!
The seven-headed hydra is almost dead.
A blink frog comes into view.
The seven-headed hydra barely misses you.
The seven-headed hydra bites you.
The seven-headed hydra bites you but does no damage.
The seven-headed hydra bites you!
The seven-headed hydra closely misses you. x2
The seven-headed hydra bites you but does no damage.
7650 ||| READING scroll of teleportation.
As you read the scroll of teleportation, it crumbles to dust.
You feel strangely unstable.
The seven-headed hydra bites you but does no damage.
The seven-headed hydra bites you!
You die...

....P #...#
#.... ##...###
......# #....#
#...# #.@.#
..Y...D..F...F.
...........F...
...............
###.#########..
## #


You could see a seven-headed hydra, 3 blink frogs and a dream sheep.

Vanquished Creatures
  Amaemon (Lair:1)
  A fire crab (D:8)
  A cyclops (D:8)
  5 cane toads (Lair:1)
  2 rime drakes (Lair:1)
  An orange demon (Lair:1)
  A komodo dragon (Lair:1)
  A polar bear (Lair:1)
  11 blink frogs
  A wyvern (Lair:1)
  19 yaks
  3 steam dragons
  Grum (D:8)
  7 water moccasins
  Duvessa (D:5)
  An orc warrior (D:7)
  4 sky beasts
  An ice beast (D:6)
  A black bear (D:7)
  2 ogres
  8 wolves
  A centaur (D:6)
  A phantom (D:5)
  A kobold brigand (D:8)
  6 bullfrogs
  A scorpion (D:6)
  5 wights (D:7)
  Dowan (D:5)
  3 killer bees (D:8)
  4 hounds
  A jelly (D:6)
  3 orc priests
  5 iguanas
  3 sleepcaps
  7 orc wizards
  A mummy (D:4)
  7 adders
  A white imp (D:6)
  2 ufetubi
  2 worms
  5 dart slugs
  31 orcs
  6 endoplasms
  5 giant cockroaches
  5 goblins
  9 hobgoblins
  2 jackals (D:2)
  6 quokkas
  6 ball pythons
  7 bats
  3 frilled lizards
  14 kobolds
  8 rats
235 creatures vanquished.

Vanquished Creatures (others)
  An orc wizard (D:8)
1 creature vanquished.

Grand Total: 236 creatures vanquished

Notes
Turn   | Place    | Note
-------+----------+-------------------------------------------
     0 | D:1      | qw the Gargoyle Hunter began the quest for the Orb.
     0 | D:1      | Reached XP level 1. HP: 12/12 MP: 1/1
     0 | D:1      | 0 ||| qw: Version: 0.3-a-76-g4403597
     0 | D:1      | 0 ||| qw: Game counter: 1048
     0 | D:1      | 0 ||| qw: Melee chars always use a shield: true
     0 | D:1      | 0 ||| qw: God list: Okawaru
     0 | D:1      | 0 ||| qw: Allow faded altars: false
     0 | D:1      | 0 ||| qw: Do Orc after clearing Dungeon:15 true
     0 | D:1      | 0 ||| qw: Do second Lair branch before Depths: true
     0 | D:1      | 0 ||| qw: Lair rune preference: random
     0 | D:1      | 0 ||| qw: Goals: Normal
     0 | D:1      | 0 ||| PLANNING D:1-11
    10 | D:1      | 10 ||| Stepping ~*~*~tactically~*~*~ (water).
    93 | D:1      | Reached XP level 2. HP: 17/17 MP: 2/2
   359 | D:1      | Reached XP level 3. HP: 21/21 MP: 3/3
   414 | D:1      | Reached skill level 5 in Ranged Weapons
   525 | D:1      | 525 ||| READING 2 scrolls labelled KOAPHO TEGEEXT.
   526 | D:1      | 526 ||| READING 2 scrolls labelled KUESEF MAOZER.
   527 | D:1      | 527 ||| READING 2 scrolls labelled PEGROR VOTUCK.
   528 | D:1      | 528 ||| READING scroll of brand weapon.
   528 | D:1      | 528 ||| BRANDING +0 shortbow of flaming.
   529 | D:1      | 529 ||| DRINKING 2 fizzy dark potions.
   530 | D:1      | 530 ||| DROPPING scroll of immolation.
   531 | D:1      | 531 ||| DROPPING scroll of butterflies.
   650 | D:2      | Reached skill level 3 in Fighting
   731 | D:2      | Reached XP level 4. HP: 28/28 MP: 4/4
   794 | D:2      | You fall into a shaft and drop 2 floors!
   796 | D:4      | 796 ||| PLANNING OSSUARY
   796 | D:4      | 796 ||| Stepping ~*~*~tactically~*~*~ (outnumbered).
   811 | D:4      | Reached XP level 5. HP: 10/32 MP: 5/5
  1062 | D:4      | Reached skill level 6 in Ranged Weapons
  1235 | D:4      | Noticed an ogre
  1238 | D:4      | Killed an ogre
  1239 | D:4      | Reached XP level 6. HP: 40/40 MP: 6/6
  1316 | D:4      | Found a staircase to the Ecumenical Temple.
  1412 | D:4      | 1412 ||| RIP OSSUARY
  1483 | D:4      | 1483 ||| PLANNING TEMPLE
  1484 | D:4      | 1484 ||| UPGRADING to ring of protection from fire.
  1485 | D:4      | 1485 ||| UPGRADING to ring of protection from cold.
  1486 | D:4      | 1486 ||| READING scroll labelled DOUTIE VIRPH.
  1490 | D:4      | 1490 ||| READING scroll labelled AMUWOO KAPAX.
  1491 | D:4      | 1491 ||| READING 3 scrolls of identify.
  1491 | D:4      | 1491 ||| IDENTIFYING silvery potion
  1492 | D:4      | 1492 ||| READING 2 scrolls of identify.
  1492 | D:4      | 1492 ||| IDENTIFYING viscous sapphire potion
  1493 | D:4      | 1493 ||| DROPPING potion of degeneration.
  1537 | Temple   | Entered the Ecumenical Temple
  1538 | Temple   | 1538 ||| PLANNING OKAWARU WORSHIP
  1560 | Temple   | Became a worshipper of Warmaster Okawaru
  1561 | Temple   | 1561 ||| PLANNING D:1-11
  2028 | D:2      | 2028 ||| READING scroll labelled QOIPRI KOT BYL.
  2150 | D:3      | Identified the +6 hand axe "Zeutoxi" {flame, Dex+5}
  2245 | D:3      | HP: 10/40 [something (3)]
  2808 | D:3      | Noticed a steam dragon
  2817 | D:3      | Killed a steam dragon
  2817 | D:3      | Reached * piety under Okawaru
  2818 | D:3      | Reached skill level 7 in Ranged Weapons
  2818 | D:3      | Reached XP level 7. HP: 36/44 MP: 7/7
  2885 | D:3      | 2885 ||| UPGRADING to +0 ring mail.
  2895 | D:3      | 2895 ||| DROPPING +0 leather armour.
  2896 | D:3      | 2896 ||| UPGRADING to +0 steam dragon scales.
  2906 | D:3      | 2906 ||| DROPPING +0 ring mail.
  2907 | D:3      | 2907 ||| DRINKING 2 inky potions.
  3012 | D:3      | 3012 ||| READING 2 scrolls of identify.
  3012 | D:3      | 3012 ||| IDENTIFYING fizzy green potion
  3013 | D:3      | 3013 ||| DROPPING potion of berserk rage.
  3014 | D:3      | 3014 ||| DROPPING potion of lignification.
  3307 | D:5      | Entered Level 5 of the Dungeon
  3315 | D:5      | Reached skill level 1 in Armour
  3362 | D:5      | Reached skill level 1 in Invocations
  3415 | D:5      | 3415 ||| Stepping ~*~*~tactically~*~*~ (outnumbered).
  3420 | D:5      | 3420 ||| Stepping ~*~*~tactically~*~*~ (outnumbered).
  3625 | D:5      | Reached skill level 3 in Invocations
  3651 | D:5      | Noticed Duvessa
  3651 | D:5      | Noticed Dowan
  3652 | D:5      | 3652 ||| INVOKING Heroism.
  3660 | D:5      | Killed Duvessa
  3660 | D:5      | Reached ** piety under Okawaru
  3661 | D:5      | Reached XP level 8. HP: 35/48 MP: 7/10
  3665 | D:5      | Killed Dowan
  3666 | D:5      | Reached skill level 8 in Ranged Weapons
  4030 | D:5      | 4030 ||| UPGRADING to +3 leather armour of positive energy.
  4040 | D:5      | 4040 ||| DROPPING +0 steam dragon scales.
  4041 | D:5      | 4041 ||| READING scroll labelled XIC TIXZISTIN.
  4042 | D:5      | 4042 ||| READING 2 scrolls of identify.
  4042 | D:5      | 4042 ||| IDENTIFYING bubbling brown potion
  4130 | D:6      | 4130 ||| SWAPPING to +0 orcbow.
  4131 | D:6      | 4131 ||| DROPPING +1 shortbow of freezing.
  4230 | D:6      | 4230 ||| INVOKING Heroism.
  4287 | D:6      | 4287 ||| READING 3 scrolls of enchant weapon.
  4287 | D:6      | 4287 ||| ENCHANTING +0 orcbow.
  4288 | D:6      | 4288 ||| READING 2 scrolls of enchant weapon.
  4288 | D:6      | 4288 ||| ENCHANTING +1 orcbow.
  4289 | D:6      | 4289 ||| READING scroll of enchant weapon.
  4289 | D:6      | 4289 ||| ENCHANTING +2 orcbow.
  4299 | D:6      | Noticed a yak
  4303 | D:6      | Noticed a yak
  4303 | D:6      | Noticed a yak
  4304 | D:6      | 4304 ||| Stepping ~*~*~tactically~*~*~ (retreating).
  4305 | D:6      | 4305 ||| Stepping ~*~*~tactically~*~*~ (retreating).
  4306 | D:6      | 4306 ||| Stepping ~*~*~tactically~*~*~ (retreating).
  4307 | D:6      | 4307 ||| Stepping ~*~*~tactically~*~*~ (retreating).
  4308 | D:6      | 4308 ||| Stepping ~*~*~tactically~*~*~ (retreating).
  4309 | D:6      | 4309 ||| Stepping ~*~*~tactically~*~*~ (retreating).
  4310 | D:6      | 4310 ||| Stepping ~*~*~tactically~*~*~ (retreating).
  4311 | D:6      | 4311 ||| Stepping ~*~*~tactically~*~*~ (retreating).
  4312 | D:6      | 4312 ||| Stepping ~*~*~tactically~*~*~ (retreating).
  4318 | D:6      | 4318 ||| INVOKING Heroism.
  4319 | D:6      | Killed a yak
  4320 | D:6      | Reached skill level 9 in Ranged Weapons
  4327 | D:6      | HP: 9/49 [yak (9)]
  4328 | D:6      | 4328 ||| READING 2 scrolls of teleportation.
  4328 | D:6      | HP: 1/49 [yak (8)]
  4331 | D:6      | Killed a yak
  4332 | D:6      | Reached skill level 6 in Fighting
  4540 | D:6      | Found Dytoilar's Distillery.
  4554 | D:6      | Reached XP level 9. HP: 55/56 MP: 12/12
  4559 | D:6      | 4559 ||| BUYING 2 potions of heal wounds (150 gold).
  4559 | D:6      | Bought 2 potions of heal wounds for 150 gold pieces
  4559 | D:6      | 4559 ||| SHOPLISTING 2 potions of resistance (300 gold,
                  | have 285).
  4559 | D:6      | 4559 ||| BUYING potion of cancellation (120 gold).
  4559 | D:6      | Bought a potion of cancellation for 120 gold pieces
  4559 | D:6      | 4559 ||| BUYING potion of heal wounds (75 gold).
  4559 | D:6      | Bought a potion of heal wounds for 75 gold pieces
  4559 | D:6      | 4559 ||| BUYING potion of heal wounds (75 gold).
  4559 | D:6      | Bought a potion of heal wounds for 75 gold pieces
  4559 | D:6      | 4559 ||| SHOPLISTING potion of might (60 gold, have 15).
  4560 | D:6      | 4560 ||| Stepping ~*~*~tactically~*~*~ (water).
  4656 | D:6      | 4656 ||| INVOKING Heroism.
  4658 | D:6      | Reached skill level 10 in Ranged Weapons
  4719 | D:6      | Identified the +5 short sword "Zaed" {venom, Int+4 Dex+3
                  | SInv}
  4735 | D:6      | 4735 ||| READING scroll of enchant weapon.
  4735 | D:6      | 4735 ||| ENCHANTING +3 orcbow.
  4814 | D:6      | 4814 ||| READING scroll labelled XIEMESHAXAR.
  4815 | D:6      | 4815 ||| DRINKING 2 dark potions.
  4816 | D:6      | 4816 ||| READING 2 scrolls of identify.
  4816 | D:6      | 4816 ||| IDENTIFYING brown potion
  4817 | D:6      | 4817 ||| DROPPING potion of attraction.
  4818 | D:6      | 4818 ||| DROPPING potion of brilliance.
  4901 | D:7      | 4901 ||| SWAPPING to +2 heavy orcbow.
  4902 | D:7      | 4902 ||| DROPPING +4 orcbow.
  4915 | D:7      | 4915 ||| INVOKING Heroism.
  4920 | D:7      | Reached skill level 3 in Dodging
  4927 | D:7      | Reached *** piety under Okawaru
  4996 | D:7      | 4996 ||| INVOKING Heroism.
  5047 | D:7      | 5047 ||| INVOKING Heroism.
  5083 | D:7      | 5083 ||| RETREATING.
  5119 | D:7      | Reached skill level 11 in Ranged Weapons
  5505 | D:7      | 5505 ||| READING scroll labelled MUNEAL QELIRE.
  5505 | D:7      | Identified a scroll of acquirement
  5505 | D:7      | 5505 ||| ACQUIRING +1 longbow of freezing
  5505 | D:7      | Acquired a +1 longbow of freezing
  5507 | D:7      | 5507 ||| SWAPPING to +1 longbow of freezing.
  5508 | D:7      | 5508 ||| DROPPING +2 heavy orcbow.
  5509 | D:7      | 5509 ||| READING scroll labelled JUAWITI PENA.
  5510 | D:7      | 5510 ||| READING scroll labelled WYTOOZUPRU.
  5511 | D:7      | 5511 ||| READING scroll labelled VIMIDE SACARCH.
  5555 | D:8      | Reached XP level 10. HP: 56/64 MP: 13/13
  5643 | D:8      | 5643 ||| RETREATING.
  5643 | D:8      | Noticed a cyclops
  5645 | D:8      | 5645 ||| INVOKING Heroism.
  5656 | D:8      | Killed a cyclops
  5656 | D:8      | Reached **** piety under Okawaru
  5657 | D:8      | Reached skill level 12 in Ranged Weapons
  5871 | D:8      | Found a staircase to the Lair.
  5872 | D:8      | Noticed a fire crab
  5880 | D:8      | Killed a fire crab
  5950 | D:8      | Noticed Grum
  5951 | D:8      | 5951 ||| INVOKING Heroism.
  5958 | D:8      | 5958 ||| Stepping ~*~*~tactically~*~*~ (retreating).
  5965 | D:8      | Killed Grum
  6005 | D:8      | 6005 ||| FLEEEEING.
  6010 | D:8      | 6010 ||| STAIRDANCE
  6101 | D:8      | Reached skill level 6 in Invocations
  6241 | D:8      | Identified the +1 chain mail of Surprise {rPois rF+++ rC-}
  6245 | D:8      | 6245 ||| READING 2 scrolls of brand weapon.
  6245 | D:8      | 6245 ||| BRANDING +1 longbow of freezing.
  6246 | D:8      | 6246 ||| READING scroll of brand weapon.
  6246 | D:8      | 6246 ||| BRANDING +1 longbow of flaming.
  6412 | D:8      | 6412 ||| PLANNING LAIR
  6412 | D:8      | 6412 ||| UPGRADING to +4 ring of protection.
  6414 | D:8      | 6414 ||| DROPPING ring of ice.
  6415 | D:8      | 6415 ||| READING scroll labelled REUTEPRAIMI.
  6449 | Lair:1   | Entered Level 1 of the Lair of Beasts
  6455 | Lair:1   | Noticed a cane toad
  6456 | Lair:1   | 6456 ||| INVOKING Heroism.
  6460 | Lair:1   | Killed a cane toad
  6500 | Lair:1   | Noticed a cane toad
  6501 | Lair:1   | 6501 ||| INVOKING Heroism.
  6504 | Lair:1   | Killed a cane toad
  6509 | Lair:1   | 6509 ||| RETREATING.
  6517 | Lair:1   | Reached XP level 11. HP: 69/69 MP: 14/16
  6543 | Lair:1   | 6543 ||| INVOKING Heroism.
  6545 | Lair:1   | 6545 ||| RETREATING.
  6550 | Lair:1   | Reached skill level 13 in Ranged Weapons
  6582 | Lair:1   | Received a gift from Okawaru
  6597 | Lair:1   | 6597 ||| Stepping ~*~*~tactically~*~*~ (retreating).
  6598 | Lair:1   | 6598 ||| Stepping ~*~*~tactically~*~*~ (retreating).
  6599 | Lair:1   | 6599 ||| INVOKING Heroism.
  6614 | Lair:1   | Reached skill level 9 in Fighting
  6626 | Lair:1   | Reached ***** piety under Okawaru
  6670 | Lair:1   | 6670 ||| INVOKING Heroism.
  6726 | Lair:1   | 6726 ||| INVOKING Heroism.
  6729 | Lair:1   | Reached skill level 9 in Invocations
  6755 | Lair:1   | 6755 ||| RETREATING.
  6761 | Lair:1   | 6761 ||| RETREATING.
  6766 | Lair:1   | 6766 ||| Stepping ~*~*~tactically~*~*~ (retreating).
  7017 | Lair:1   | 7017 ||| INVOKING Heroism.
  7126 | Lair:1   | 7126 ||| READING scroll of enchant weapon.
  7126 | Lair:1   | 7126 ||| ENCHANTING +1 longbow of electrocution.
  7154 | Lair:1   | 7154 ||| Stepping ~*~*~tactically~*~*~ (retreating).
  7155 | Lair:1   | 7155 ||| Stepping ~*~*~tactically~*~*~ (retreating).
  7156 | Lair:1   | 7156 ||| Stepping ~*~*~tactically~*~*~ (retreating).
  7157 | Lair:1   | 7157 ||| Stepping ~*~*~tactically~*~*~ (retreating).
  7158 | Lair:1   | 7158 ||| Stepping ~*~*~tactically~*~*~ (retreating).
  7159 | Lair:1   | 7159 ||| Stepping ~*~*~tactically~*~*~ (retreating).
  7160 | Lair:1   | 7160 ||| RETREATING.
  7309 | Lair:1   | Noticed Amaemon
  7310 | Lair:1   | 7310 ||| INVOKING Heroism.
  7314 | Lair:1   | 7314 ||| RETREATING.
  7315 | Lair:1   | 7315 ||| Stepping ~*~*~tactically~*~*~ (retreating).
  7316 | Lair:1   | 7316 ||| Stepping ~*~*~tactically~*~*~ (retreating).
  7327 | Lair:1   | Killed Amaemon
  7334 | Lair:1   | Reached skill level 14 in Ranged Weapons
  7573 | Lair:1   | 7573 ||| READING scroll labelled LAHYNKALUO.
  7574 | Lair:1   | 7574 ||| READING scroll labelled NEATIG PEUZXAH.
  7575 | Lair:1   | 7575 ||| READING scroll labelled ZIGUUQ ZAKHUHU.
  7595 | Lair:2   | 7595 ||| RETREATING.
  7596 | Lair:2   | 7596 ||| Stepping ~*~*~tactically~*~*~ (retreating).
  7597 | Lair:2   | 7597 ||| Stepping ~*~*~tactically~*~*~ (retreating).
  7598 | Lair:2   | 7598 ||| Stepping ~*~*~tactically~*~*~ (retreating).
  7599 | Lair:2   | 7599 ||| Stepping ~*~*~tactically~*~*~ (retreating).
  7604 | Lair:2   | 7604 ||| INVOKING Heroism.
  7612 | Lair:2   | Reached XP level 12. HP: 42/76 MP: 17/19
  7616 | Lair:2   | HP: 17/76 [yak (5)]
  7617 | Lair:2   | 7617 ||| READING 3 scrolls of teleportation.
  7618 | Lair:2   | 7618 ||| DRINKING 4 potions of heal wounds.
  7622 | Lair:2   | Noticed a boulder beetle
  7623 | Lair:2   | 7623 ||| RETREATING.
  7624 | Lair:2   | 7624 ||| INVOKING Finesse.
  7637 | Lair:2   | HP: 9/77 [boulder beetle (13)]
  7638 | Lair:2   | 7638 ||| READING 2 scrolls of teleportation.
  7639 | Lair:2   | 7639 ||| DRINKING 3 potions of heal wounds.
  7645 | Lair:2   | Noticed a seven-headed hydra
  7649 | Lair:2   | HP: 16/77 [seven-headed hydra (6)]
  7649 | Lair:2   | HP: 6/77 [seven-headed hydra (10)]
  7650 | Lair:2   | 7650 ||| READING scroll of teleportation.
  7650 | Lair:2   | Slain by a seven-headed hydra

Levels and vault maps discovered:
D:1:      lightli_arrival_flooded_house, layout_basic, minmay_misc_feat_room
D:2:      layout_basic
D:3:      layout_basic, corexii_hall_statues_s
D:4:      wad_river_or_something, layout_basic, minmay_temple_entry_junction,
          gup_ossuary_entry_pyramid
D:5:      dreamdust_elfheim, layout_basic
D:6:      layout_cave_pools, serial_shops, nicolae_shop_industrial_runoff,
          nicolae_underground_beach
D:7:      layout_loops_ring, minmay_misc_feat_encased, hangedman_misty_isle
D:8:      layout_gridville, minmay_lair_entry_lava, minmay_manual_moon,
          uniq_grum
Temple:   mainiacjoe_temple_big_plus
Lair:1:   layout_chaotic_city, grunt_megastairs_3, serial_bayou_shore_b,
          uniq_amaemon
Lair:2:   layout_long_grid, alex1729_snake_entry_snake, basic_altar,
          lemuel_fruit_tree, infiniplex_staircase_pool

Skill      XL: |  1  2  3  4  5  6  7  8  9 10 11 12 |
---------------+-------------------------------------+-----
Ranged Weapons | 5 6 7 9 11 12 14 | 14.1
Fighting       | 3 4 6 8 9 10 | 10.1
Armour         | 1 |  1.0
Invocations    | 3 4 7 10 | 10.1
Dodging        | 2 3 4 |  4.0
Stealth        | |  1.1

Action                     |  1- 3 |  4- 6 |  7- 9 | 10-12 || total
---------------------------+-------+-------+-------+-------++-------
   Fire: Shortbow          |    87 |   152 |   126 |       ||   365
         Orcbow            |       |       |   126 |       ||   126
         Longbow           |       |       |    12 |   328 ||   340
 Invoke: Heroism           |       |       |     7 |    11 ||    18
         Finesse           |       |       |       |     1 ||     1
    Use: Scroll            |     4 |     5 |    14 |    10 ||    33
         Potion            |     1 |       |     2 |     2 ||     5
 Armour: Leather armour    |    11 |    50 |    41 |   106 ||   208
         Steam dragon scal |       |       |    20 |       ||    20
  Dodge: Dodged            |    10 |    35 |    64 |   121 ||   230

Table legend:
 A = Non-vault XP
 B = Vault XP
 C = Vault XP percentage of total XP
 D = Non-vault monster count
 E = Vault monster count
 F = Vault count percentage of total count
                 A         B        C        D         E       F
            +---------+---------+-------+---------+---------+-------
      Total |   13617 |    6064 |  30.8 |     201 |      34 |  14.5
            +---------+---------+-------+---------+---------+-------
        D:1 |      48 |       0 |   0.0 |      27 |       0 |   0.0
        D:2 |      56 |       0 |   0.0 |      19 |       0 |   0.0
        D:3 |     268 |       0 |   0.0 |      24 |       0 |   0.0
        D:4 |     257 |     100 |  28.0 |      16 |      10 |  38.5
        D:5 |     477 |     207 |  30.3 |      16 |       2 |  11.1
        D:6 |    1205 |       0 |   0.0 |      16 |       0 |   0.0
        D:7 |     811 |     792 |  49.4 |      17 |       6 |  26.1
        D:8 |    1557 |    2063 |  57.0 |      26 |       8 |  23.5
     Lair:1 |    7144 |    2902 |  28.9 |      32 |       8 |  20.0
     Lair:2 |    1794 |       0 |   0.0 |       8 |       0 |   0.0
            +---------+---------+-------+---------+---------+-------
